[ AOE2 MATCH · #481011663 ]
Team RMTeutons vs Portuguese
[ REPLAY ANALYSIS · EXTRACTED FROM THE RECORDED GAME ]
Feudal
—
Castle
—
Imperial
—
| APM avg | 5.3 |
| APM peak | 3 |
| eAPM avg | 5.3 |
| Villagers / military | 0 / 0 |
Feudal
—
Castle
—
Imperial
—
| APM avg | 26.3 |
| APM peak | 15 |
| eAPM avg | 21.0 |
| Villagers / military | 5 / 0 |
Focus
⚔️ 0.0% · 🌾 100.0%
Feudal
—
Castle
—
Imperial
—
| APM avg | 10.5 |
| APM peak | 6 |
| eAPM avg | 10.5 |
| Villagers / military | 0 / 0 |
Focus
⚔️ 0.0% · 🌾 100.0%
Feudal
—
Castle
—
Imperial
—
| APM avg | 12.3 |
| APM peak | 7 |
| eAPM avg | 12.3 |
| Villagers / military | 3 / 0 |
Focus
⚔️ 0.0% · 🌾 100.0%
Feudal
—
Castle
—
Imperial
—
| APM avg | 17.5 |
| APM peak | 10 |
| eAPM avg | 15.8 |
| Villagers / military | 5 / 0 |
Focus
⚔️ 0.0% · 🌾 100.0%
Feudal
—
Castle
—
Imperial
—
| APM avg | 33.3 |
| APM peak | 19 |
| eAPM avg | 22.8 |
| Villagers / military | 3 / 0 |
Focus
⚔️ 0.0% · 🌾 100.0%
Match map
Initial resources + every placement click. Lines = walls · curves = elevation contours. ◆ gold · ⬟ stone · ● berries · ✦ relic · ◌ wall gap
Your base
ILLuminati Daze's base
Rob Esponja's base
HaraldOwnsYou's base
KUATIQUERO's base
OVG's base
Smoothed initial terrain · ◌ = detected wall gap · hover for details
Inputs per minute
— Daraco - - ILLuminati Daze
Build order — Daraco
0 actions detected in the replay
Build order — ILLuminati Daze
9 actions detected in the replay
| 0:02 | Research | Loom |
| 0:03 | Create | Villager (Male) ×4 |
| 0:03 | Create | Villager (Male) |
| 0:10 | Build | House |
| 0:16 | Build | House |
| 0:18 | Build | House |
| 0:19 | Build | House |
| 0:20 | Build | House |
| 0:21 | Build | House |
Build order — Rob Esponja
3 actions detected in the replay
| 0:10 | Build | House |
| 0:13 | Build | House |
| 0:15 | Build | House |
Build order — HaraldOwnsYou
5 actions detected in the replay
| 0:01 | Create | Villager (Male) |
| 0:02 | Create | Villager (Male) |
| 0:02 | Create | Villager (Male) |
| 0:04 | Build | House |
| 0:08 | Build | House |
Build order — KUATIQUERO
5 actions detected in the replay
| 0:14 | Create | Villager (Male) |
| 0:14 | Create | Villager (Male) |
| 0:14 | Create | Villager (Male) |
| 0:14 | Create | Villager (Male) |
| 0:15 | Create | Villager (Male) |
Build order — OVG
4 actions detected in the replay
| 0:04 | Build | House |
| 0:11 | Create | Villager (Male) |
| 0:11 | Create | Villager (Male) |
| 0:11 | Create | Villager (Male) |
Match timeline
| 0:09 | Daraco · resign |
[ AI ANALYSIS · 1 CREDIT ]
What really happened in this match?
Wolo.gg analyzes every decision: build order, eco, micro, common mistakes by bracket. Personalized analysis on WhatsApp or Discord in 30 seconds.
Civ guide
Teutons
Map guide
Black Forest
Perfil
Daraco